 Dungeon Crawl Stone Soup version 0.27-a0-385-g3208abaabc (webtiles) character file.

Game seed: 5515338642073883096

54 tilp the Sneak (level 3, 0/23 HPs)
             Began as an Octopode Transmuter on Feb 19, 2021.
             Slain by a jackal (1 damage)
             ... on level 2 of the Dungeon.
             The game lasted 00:01:52 (1101 turns).

tilp the Sneak (Octopode Transmuter)                Turns: 1101, Time: 00:01:53

Health: 0/23       AC:  1    Str:  9    XL:     3   Next: 91%
Magic:  3/6        EV: 13    Int: 16    God:
Gold:   44         SH:  0    Dex: 12    Spells: 3/6 levels left

rFire    . . .     SeeInvis .     - Unarmed
rCold    . . .     Faith    .   (no shield)
rNeg     . . .     Spirit   .   (helmet currently unavailable)
rPois    .         Reflect  .   (no amulet)
rElec    .         Harm     .   (no ring)
rCorr    .         Rampage  .   (no ring)
Will     .....                  (no ring)
Stlth    +++.......             (no ring)
HPRegen  0.07/turn              (no ring)
MPRegen  0.10/turn              (no ring)
                                (no ring)
                                (no ring)

@: appendages (expiring), very slightly contaminated
A: almost no armour, stealthy swim, amphibious, 8 rings, constrict 8, tentacle
spike 3, camouflage 1, gelatinous body 1
a: End Transformation


You were on level 2 of the Dungeon.
One of your tentacles had a temporary spike.
You visited 1 branch of the dungeon, and saw 2 of its levels.

You collected 44 gold pieces.

Inventory:

Missiles
 b - 53 stones (quivered)
Scrolls
 a - a scroll of enchant weapon {unknown}
 c - 2 scrolls of identify
 e - a scroll of immolation {unknown}
 f - a scroll of blinking {unknown}
Potions
 d - a potion of cancellation


   Skills:
 + Level 1.4 Fighting
 - Level 2.0 Dodging
 - Level 4.0 Stealth
 * Level 3.4 Unarmed Combat
 - Level 2.0 Spellcasting
 - Level 2.0 Transmutations


You had 3 spell levels left.
You knew the following spells:

 Your Spells              Type           Power        Failure   Level
a - Beastly Appendage     Tmut           16%          9%          1
b - Wereblood             Tmut           8%           14%         2

Your spell library contained the following spells:

 Spells                   Type           Power        Failure   Level
 Spider Form              Tmut/Pois      2%           38%         3
 Ice Form                 Ice/Tmut       4%           80%         4
 Blade Hands              Tmut           4%           94%         5


Dungeon Overview and Level Annotations

Branches:
Dungeon (2/15)

Altars:


Innate Abilities, Weirdness & Mutations

You cannot wear most types of armour.
You are very stealthy in the water. (Stealth+)
You are amphibious.
You can wear up to eight rings at the same time.
You can use your tentacles to constrict eight enemies at once.
Your skin changes colour to match your surroundings (Stealth+).
Your rubbery body absorbs attacks. (AC +1, EV +1)
One of your tentacles bears a large vicious spike.


Message History

You tentacle-slap the jackal but do no damage.
The jackal is heavily wounded.
You constrict the jackal, but do no damage.
The jackal barely misses you.
A jackal comes into view.
The jackal misses you.
You release your grip on the jackal.
The hobgoblin closely misses you.
Casting: Wereblood (safe; 14% risk of failure)
Confirm with . or Enter, or press ? or * to list all spells.
One of your tentacles grows a vicious spike.
The jackal barks!
The jackal bites you. The hobgoblin hits you with a +0 club.
* * * LOW HITPOINT WARNING * * *
Casting: Beastly Appendage (safe; 9% risk of failure)
Confirm with . or Enter, or press ? or * to list all spells.
You miscast Wereblood.
You are very lightly contaminated with residual magic.
Nothing appears to happen.
The jackal bites you.
* * * LOW HITPOINT WARNING * * *
The hobgoblin barely misses you. The jackal barely misses you.
You barely miss the jackal. Your grab misses the jackal.
The jackal barely misses you. The hobgoblin barely misses you.
You tentacle-slap the jackal but do no damage.
Your grab misses the jackal.
You pierce the jackal, but do no damage.
The jackal bites you.
* * * LOW HITPOINT WARNING * * *
You tentacle-slap the jackal. Your grab misses the jackal.
You pierce the jackal.
You kill the jackal!
Your transformation is almost over.
The hobgoblin barely misses you.
You closely miss the jackal. Your grab misses the jackal.
The jackal closely misses you. The hobgoblin hits you with a +0 club.
* * * LOW HITPOINT WARNING * * *
Unknown command.
Okay, then.
You completely miss the jackal. Your grab misses the jackal.
The jackal bites you.
You die...

.....### ###
#......# #...
#......##....
#............
#..........
#........
#......+
#.#@.#
####)g#h#
##......g#
##.....)..#
#.........#
#.........##
#..........#..
#...........#
#............#


You could see a jackal and 2 hobgoblins.

Vanquished Creatures
  A gnoll (D:1)
  2 worms (D:2)
  2 dart slugs (D:1)
  2 leopard geckos
  6 giant cockroaches
  3 hobgoblins
  5 jackals
  2 bats (D:1)
  2 frilled lizards (D:1)
  4 goblins
  2 rats (D:1)
31 creatures vanquished.

Notes
Turn   | Place    | Note
-------+----------+-------------------------------------------
     0 | D:1      | tilp the Octopode Transmuter began the quest for the Orb.
     0 | D:1      | Reached XP level 1. HP: 13/13 MP: 3/3
    88 | D:1      | Reached skill level 1 in Stealth
   149 | D:1      | Reached skill level 2 in Stealth
   262 | D:1      | Reached XP level 2. HP: 18/18 MP: 5/5
   265 | D:1      | Learned a level 2 spell: Wereblood
   365 | D:1      | Reached skill level 3 in Stealth
   714 | D:1      | Reached XP level 3. HP: 23/23 MP: 4/6
   749 | D:1      | Reached skill level 4 in Stealth
  1100 | D:2      | HP: 1/23 [hobgoblin/+0 club (5)]
  1101 | D:2      | Slain by a jackal

Illustrated notes

Levels and vault maps discovered:
D:1:      amcnicky_arrival_single_pillar, layout_basic, serial_bayou_pond_e
D:2:      layout_rooms, lemuel_crystal_altar, minmay_3d_cube, uniq_terence

Skill      XL: |  1  2  3 |
---------------+----------+-----
Stealth        | 2 3 4 |  4.0
Fighting       | |  1.4
Dodging        | |  2.0
Unarmed Combat | |  3.4
Spellcasting   | |  2.0
Transmutations | |  2.0

Action                   || total
-------------------------++-------
Melee: Unarmed           ||   100
       Constrict         ||    27
       Tentacles         ||    12
       Kick              ||    12
       Punch             ||     1
Throw: Stone             ||     2
 Cast: Beastly Appendage ||     5
       Wereblood         ||     3
  Use: Scroll            ||     2
 Stab: Sleeping          ||     3
Armor: Skin              ||     9
Dodge: Dodged            ||    80

Table legend: (Time is in decaauts)
 A = Elapsed time spent in this place.
 B = Non-inter-level travel time spent in this place.
 C = Inter-level travel time spent in this place.
 D = Time resting spent in this place.
 E = Time spent auto-exploring this place.
 F = Levels seen in this place.
 G = Mean time per level.
                   A        B        C        D        E       F      G
               +--------+--------+--------+--------+--------+-----+--------+
         Total |   1096 |   1054 |     42 |    181 |    633 |   2 |  548.0 |
       Dungeon |   1096 |   1054 |     42 |    181 |    633 |   2 |  548.0 |
               +--------+--------+--------+--------+--------+-----+--------+

Top non-repeatable levels by time:
     D:1: 1007 daAuts
     D:2: 88 daAuts
